 Dungeon Crawl Stone Soup version 0.30-a0-556-g0a0f5a245f (webtiles) character file.

Game seed: 621513934084008389

35 M4edhros the Charlatan (level 3, -5/34 HPs)
             Began as an Octopode Artificer on Dec 27, 2022.
             Slain by an orc
             ... wielding a +0 mace
              (7 damage)
             ... on level 3 of the Dungeon.
             The game lasted 00:00:50 (582 turns).

M4edhros the Charlatan (Octopode Artificer)          Turns: 582, Time: 00:00:50

Health: -5/34      AC:  1    Str: 11    XL:     3   Next: 33%
Magic:  3/3        EV: 13    Int: 13    God:
Gold:   12         SH:  0    Dex: 14    Spells: 2/2 levels left

rFire   . . .      SeeInvis .      - Unarmed
rCold   . . .      Faith    .    (no shield)
rNeg    . . .      Spirit   .    (helmet restricted)
rPois   .          Reflect  .    (no amulet)
rElec   .          Harm     .    (no ring)
rCorr   .          Rampage  .    (no ring)
Will    .....                    (no ring) Stlth
                                 (no ring)
HPRegen 0.25/turn                (no ring)
MPRegen 0.08/turn                (no ring)
                                 (no ring)
                                 (no ring)

@: berserking, very quick
A: almost no armour, amphibious, 8 rings, camouflage 1, gelatinous body 1,
(nimble swimmer 1), tentacles
a: no special abilities


You were on level 3 of the Dungeon.
You visited 1 branch of the dungeon, and saw 3 of its levels.

You collected 12 gold pieces.

Inventory:

Wands
 b - a wand of flame (15) (quivered)
 c - a wand of charming (15)
 d - a wand of iceblast (5)
Scrolls
 a - a scroll of teleportation {unknown}
Potions
 e - a potion of invisibility {unknown}
 f - a potion of resistance {unknown}


   Skills:
 + Level 1.5 Fighting
 + Level 2.6 Dodging
 + Level 2.2 Stealth
 * Level 1.4 Unarmed Combat
 + Level 3.5 Evocations


You had 2 spell levels left.
You didn't know any spells.
Your spell library was empty.

Dungeon Overview and Level Annotations

Branches:
Dungeon (3/15)

Altars:


Innate Abilities, Weirdness & Mutations

You cannot wear most types of armour.
You are amphibious.
You can wear up to eight rings at the same time.
Your skin changes colour to match your surroundings (Stealth+).
Your rubbery body absorbs attacks. (AC +1, EV +1)
((You are camouflaged when in or above water. (Stealth+)))
You have tentacles for arms and can constrict up to eight enemies at once.


Message History

The orc priest misses you.
The orc wizard hits you with a +0 dagger.
Unknown command.
You tentacle-slap the orc priest but do no damage.
The orc priest is lightly wounded.
You constrict the orc wizard.
You constrict the orc priest, but do no damage.
The orc priest struggles to escape constriction.
The orc barely misses you.
The orc wizard hits you with a +0 dagger.
You tentacle-slap the orc priest. You squeeze the orc priest!
The orc priest is severely wounded.
You constrict the orc wizard, but do no damage.
You constrict the orc priest.
The orc priest escapes!
The orc wizard barely misses you. The orc closely misses you.
You closely miss the orc priest. You grab the orc priest.
The orc priest is severely wounded.
You constrict the orc wizard. You constrict the orc priest.
The orc wizard hits you with a +0 dagger.
The orc hits you with a +0 mace. The orc hits you with a +0 dagger.
* * * LOW HITPOINT WARNING * * *
The orc priest grunts loudly, as Orcs often do.
The orc priest mumbles some strange prayers to Beogh against you.
Pain shoots through your body!
* * * LOW HITPOINT WARNING * * *
It was a potion of berserk rage.
A red film seems to cover your vision as you go berserk!
You feel yourself moving faster!
You feel mighty!
You constrict the orc wizard. You constrict the orc priest.
The orc priest misses you. The orc wizard closely misses you.
The orc hits you but does no damage. The orc hits you with a +0 dagger.
* * * LOW HITPOINT WARNING * * *
A jackal comes into view.
You tentacle-slap the orc priest.
You kill the orc priest!
You constrict the orc wizard.
The orc wizard hits you with a +0 dagger.
* * * LOW HITPOINT WARNING * * *
The orc hits you with a +0 mace!
You die...

#.#... #.#...
#.#..# # #.#..# #.
#.#..# ##
#|###.###.#..#
#...
..........#).#...#
#<..)..[.#
#####@)#.#
#....Sooo#
....###h## .. ...
..# #.## h. ##


You could see an orc wizard, 2 orcs, 2 jackals and a ball python.

Vanquished Creatures
  An orc priest (D:3)
  An adder zombie (D:2)
  An orc (D:3)
  A bat skeleton (D:2)
  A bat zombie (D:2)
  An endoplasm (D:1)
  3 giant cockroaches
  3 goblins (D:1)
  5 hobgoblins
  A quokka (D:1)
  4 bats (D:1)
  4 kobolds
  2 rats (D:1)
28 creatures vanquished.

Notes
Turn   | Place    | Note
-------+----------+-------------------------------------------
     0 | D:1      | M4edhros the Octopode Artificer began the quest for the
                  | Orb.
     0 | D:1      | Reached XP level 1. HP: 13/13 MP: 1/1
   134 | D:1      | Reached XP level 2. HP: 7/18 MP: 2/2
   215 | D:1      | Reached skill level 1 in Unarmed Combat
   398 | D:2      | Reached XP level 3. HP: 11/23 MP: 3/3
   582 | D:3      | Slain by an orc

Illustrated notes

Levels and vault maps discovered:
D:1:      matt_arrival_refuge, layout_basic, skrybe_limestone_x,
          roderic_lattice_a
D:2:      layout_basic, serial_shops, shop, serial_undead, serial_undead_b,
          serial_undead_f, serial_undead_e, serial_undead_d, serial_undead_e,
          serial_undead_e, serial_undead_b, basic_altar, uniq_crazy_yiuf_cottage
D:3:      layout_basic, eat_drink_and_be_merry_uskayaw, serial_shops,
          shop_statue, uniq_robin, uniq_sigmund

Skill      XL: |  1  2 |
---------------+-------+-----
Unarmed Combat | 1 |  1.4
Stealth        | 2 |  2.2
Fighting       | |  1.5
Dodging        | |  2.6
Evocations     | |  3.5

Action                   || total
-------------------------++-------
Melee: Unarmed           ||    62
       Constrict         ||    20
       Tentacles         ||    16
       Punch             ||     2
  Use: Potion            ||     1
 Stab: Sleeping          ||     3
Armor: Skin              ||    12
Dodge: Dodged            ||    68

Table legend: (Time is in decaauts)
 A = Elapsed time spent in this place.
 B = Non-inter-level travel time spent in this place.
 C = Inter-level travel time spent in this place.
 D = Time resting spent in this place.
 E = Time spent auto-exploring this place.
 F = Levels seen in this place.
 G = Mean time per level.
                   A        B        C        D        E       F      G
               +--------+--------+--------+--------+--------+-----+--------+
         Total |    580 |    518 |     62 |     40 |    315 |   3 |  193.3 |
       Dungeon |    580 |    518 |     62 |     40 |    315 |   3 |  193.3 |
               +--------+--------+--------+--------+--------+-----+--------+

Top non-repeatable levels by time:
     D:1: 373 daAuts
     D:2: 192 daAuts
     D:3: 14 daAuts
